 Dungeon Crawl Stone Soup version 0.14-a0-314-g3e3f616 (webtiles) character file.

733 Daniel the Cudgeler (level 7, 0/60 HPs)
             Began as a Minotaur Fighter on Oct 20, 2013.
             Slain by Grinder (4 damage)
             ... while paralysed by Grinder
             ... on Level 6 of the Dungeon.
             The game lasted 00:10:21 (1520 turns).

Daniel the Cudgeler (Minotaur Fighter)              Turns: 1520, Time: 00:10:22

HP   0/60        AC 10     Str 28      XL: 7   Next: 15%
MP   1/1         EV  2     Int  5      God:
Gold 145         SH  0     Dex  9      Spells:  0 memorised,  6 levels left

Res.Fire  : . . .   See Invis. : .   o - +2,+0 whip
Res.Cold  : . . .   Warding    : .   f - +1 elf chain mail
Life Prot.: . . .   Conserve   : .   c - +0 shield
Res.Poison: .       Res.Corr.  : .   (helmet restricted)
Res.Elec. : .       Clarity    : .   (no cloak)
Sust.Abil.: + .     Spirit.Shd : .   (no gloves)
Res.Mut.  : .       Stasis     : .   (no boots)
Res.Rott. : .       Flight     : .   (no amulet)
Saprovore : . . .                    (no ring)
                                     s - ring of sustain abilities {unknown}

@: paralysed, mighty, somewhat resistant to hostile enchantments, extremely
unstealthy
A: retaliatory headbutt, horns 2, deterioration 1, -10% mp, magic resistance 1
a: no special abilities


You were on level 6 of the Dungeon.
You were not hungry.

You visited 1 branch of the dungeon, and saw 6 of its levels.

You collected 125 gold pieces.

Inventory:

Hand weapons
 a - a +0,+0 mace
 o - a +2,+0 whip (weapon)
Missiles
 e - 11 poisoned needles
 h - 4 tomahawks (quivered)
 l - a throwing net [frayed]
Armour
 b - a +0 scale mail
 c - a +0 shield (worn)
 f - a +1 elven chain mail (worn)
 r - a +0 pair of dwarven boots
Comestibles
 d - 4 bread rations
 i - a snozzcumber
 q - a choko
 u - 12 grapes
 x - 2 rotting chunks of worker ant flesh
 z - a meat ration
Scrolls
 g - 2 scrolls of amnesia
 j - 3 scrolls of remove curse
 p - a scroll of curse armour {unknown}
 t - a scroll of enchant armour {unknown}
 v - a scroll of random uselessness {unknown}
 w - a scroll of fog {unknown}
 y - a scroll of magic mapping {unknown}
 B - a scroll of identify {unknown}
Jewellery
 s - a ring of sustain abilities (left hand) {unknown}
 C - an uncursed amulet of resist mutation {unknown}
Potions
 D - a potion of heal wounds {unknown}
Books
 m - a book of Death

   Spells                             Type                      Level
   Corpse Rot                         Necromancy                   2
   Sublimation of Blood               Necromancy                   2
   Agony                              Necromancy                   5
   Dispel Undead                      Necromancy                   5
   Excruciating Wounds                Charms/Necromancy            5
   Bolt of Draining                   Conjuration/Necromancy       6


   Skills:
 - Level 5.1 Fighting
 * Level 7.9 Maces & Flails
 - Level 5.1 Armour
 - Level 3.6 Shields


You had 6 spell levels left.
You didn't know any spells.

Dungeon Overview and Level Annotations

Branches:
Dungeon (6/27)
 Temple: D:4-7          Orc: D:6-11

Altars:

Annotations:
D:6 Grinder


Innate Abilities, Weirdness & Mutations

You reflexively headbutt those who attack you in melee.
You have a pair of horns on your head.
Your body is slowly deteriorating.
Your magical capacity is low (-10% MP).
You are resistant to hostile enchantments.


Message History

* * * LOW HITPOINT WARNING * * *
Drink which item? (? for menu, Esc to quit)
You feel extremely strange.
You feel yourself wasting away.
You feel resistant to hostile enchantments.
You feel less energetic.
It was a potion of mutation.
Grinder hits you.
* * * LOW HITPOINT WARNING * * *
Drink which item? (? for menu, Esc to quit)
You feel better.
It was a potion of curing.
Grinder gestures at you.
You suddenly lose the ability to move!
Grinder hits you.
* * * LOW HITPOINT WARNING * * *
You writhe in agony.
* * * LOW HITPOINT WARNING * * *
Grinder says, "There's only one good use for a tongue: cutting it out."
Grinder hits you but does no damage. Grinder hits you.
You die...

∙▒ ▒∙▒ ▒∙∙∙∙∙ ∙▒ ▒∙▒
▒∙∙∙∙∙∙ ∙▒ ▒∙▒ ▒∙∙∙∙∙∙∙
∙▒▒▒▒▒▒▒▒▒▒∙▒▒▒∙∙∙∙∙∙∙▒
∙∙∙∙∙∙∙∙∙∙∙∙∙∙∙∙∙∙∙∙∙∙▒
∙▒▒▒▒▒▒▒▒▒▒∙▒▒▒∙∙∙∙∙∙∙▒


=∙∙∙)∙∙∙∙∙∙∙∙∙∙∙∙∙∙∙$∙∙∙ ▒▒▒▒▒▒▒▒▒▒▒∙▒▒▒5▒▒▒▒▒▒▒ ▒▒▒▒▒▒▒▒▒▒▒∙▒▒▒∙@∙▒
∙∙∙∙∙<∙∙∙∙∙∙∙∙∙∙∙∙▒ ▒▒▒▒▒▒▒▒▒▒▒∙▒▒▒∙∙∙▒ ▒∙▒ ▒▒▒▒▒ ∙∙∙ ▒∙▒ ▒5▒ ▒∙▒ You could see
Grinder.

Vanquished Creatures
  2 phantoms (D:5)
  An ice beast (D:6)
  A centaur (D:5)
  A crimson imp (D:5)
  An orc priest (D:4)
  A hound (D:5)
  3 worker ants
  A gnoll (D:2)
  3 adders
  A giant eyeball (D:5)
  A giant gecko (D:5)
  2 oozes
  A ball python (D:2)
  2 bats
  2 giant cockroaches
  3 hobgoblins
  6 jackals (D:5)
  A giant gecko zombie (D:5)
  3 giant newts
  A goblin (D:4)
  A goblin skeleton (D:4)
  A hobgoblin skeleton (D:5)
  7 kobolds
  2 quokkas
  2 rats
50 creatures vanquished.

Notes
Turn   | Place    | Note
--------------------------------------------------------------
     0 | D:1      | Daniel, the Minotaur Fighter, began the quest for the Orb.
     0 | D:1      | Reached XP level 1. HP: 19/19 MP: 0/0
   331 | D:2      | Reached XP level 2. HP: 13/26 MP: 0/0
   634 | D:4      | Noticed a phantom
   657 | D:4      | Reached skill level 4 in Fighting
   657 | D:4      | Reached XP level 3. HP: 23/33 MP: 1/1
   754 | D:4      | Reached XP level 4. HP: 27/40 MP: 1/1
   929 | D:5      | Entered Level 5 of the Dungeon
   929 | D:5      | Noticed a phantom
   951 | D:5      | Killed a phantom
   951 | D:5      | Reached skill level 5 in Maces & Flails
   951 | D:5      | Reached XP level 5. HP: 23/47 MP: 1/1
   977 | D:5      | Noticed a phantom
   985 | D:5      | Reached skill level 5 in Fighting
  1039 | D:5      | Killed a phantom
  1039 | D:5      | Reached skill level 5 in Armour
  1039 | D:5      | Reached XP level 6. HP: 19/53 MP: 2/2
  1178 | D:5      | Reached skill level 6 in Maces & Flails
  1191 | D:5      | Noticed a centaur
  1204 | D:5      | Killed a centaur
  1212 | D:5      | Paralysed by a giant eyeball for 2 turns
  1219 | D:5      | Paralysed by a giant eyeball for 3 turns
  1306 | D:5      | Reached skill level 7 in Maces & Flails
  1383 | D:6      | Reached XP level 7. HP: 29/60 MP: 2/2
  1465 | D:6      | Noticed Grinder
  1467 | D:6      | Paralysed by Grinder for 3 turns
  1471 | D:6      | Paralysed by Grinder for 7 turns
  1481 | D:6      | Paralysed by Grinder for 3 turns
  1516 | D:6      | Gained mutation: Your body is slowly deteriorating. [potion of mutation]
  1516 | D:6      | Gained mutation: You are resistant to hostile enchantments. [potion of mutation]
  1516 | D:6      | Gained mutation: Your magical capacity is low (-10% MP). [potion of mutation]
  1517 | D:6      | Paralysed by Grinder for 6 turns
  1518 | D:6      | HP: 3/60 [Grinder (5)]
  1520 | D:6      | Slain by Grinder

Action                   |  1- 3 |  4- 6 |  7- 9 || total
-------------------------+-------+-------+-------++-------
Melee: Mace              |    34 |       |       ||    34
       Whip              |    33 |   159 |    21 ||   213
Throw: Tomahawk          |     2 |     3 |       ||     5
  Use: Scroll            |     2 |       |       ||     2
       Potion            |       |       |     3 ||     3
